 Dungeon Crawl Stone Soup version 0.16-a0-326-g6f2d4d4 (webtiles) character file.

6954 PolkaDot the Summoner (level 10, -8/63 HPs)
             Began as a Vampire Summoner on Sept 4, 2014.
             Was a Priest of Sif Muna.
             Killed from afar by a frost giant (18 damage)
             ... with a bolt of cold
             ... in an ice cave.
             The game lasted 01:14:12 (13244 turns).

PolkaDot the Summoner (Vampire Summoner)           Turns: 13244, Time: 01:14:13

HP  -8/63        AC  8     Str  7      XL: 10   Next: 80%
MP  31/34        EV 16     Int 20      God: Sif Muna [***...]
Gold 544         SH  0     Dex 19      Spells:  5 memorised,  4 levels left

rFire  + . .     SeeInvis +     y - staff of power
rCold  + . .     Clarity  .     P - +0 troll leather armour
rNeg   + . .     rCorr    +     (no shield)
rPois  +         rRot     .     j - +0 helmet
rElec  +         Spirit   .     J - +0 cloak
SustAb .         Warding  .     p - +0 pair of gloves
rMut   .         Stasis   .     o - +0 pair of boots
Gourm  .                        (no amulet)
MR     +....                    M - ring of flight
                                u - ring of invisibility

@: agile, about to teleport, resistant, very slightly contaminated, somewhat
resistant to hostile enchantments, unstealthy
A: bottle blood, fangs 3, see invisible, unbreathing
a: Bat Form, Bottle Blood, Channel Energy, Forget Spell, Renounce Religion,
Evoke Invisibility, Evoke Flight


You were in an ice cave.
You worshipped Sif Muna.
Sif Muna was most pleased with you.
You were not thirsty.

You visited 3 branches of the dungeon, and saw 12 of its levels.
You also visited: Sewer and Ice Cave.

You collected 544 gold pieces.

Inventory:

Hand weapons
 H - the +4 mace of the Old World {crush, rF+}
   (You found it on level 8 of the Dungeon)

   It inflicts extra damage upon your enemies.
   It protects you from fire.
Missiles
 g - 4 throwing nets (quivered)
Armour
 j - a +0 helmet (worn)
 o - a +0 pair of boots (worn)
 p - a +0 pair of gloves (worn)
 J - a +0 cloak (worn)
 P - a +0 troll leather armour (worn)
Magical devices
 d - a wand of fireball (2)
 l - a wand of magic darts (14) {unknown}
 q - a wand of fire (12)
 B - a wand of fire (7)
 D - a wand of disintegration (15) {unknown}
 E - a wand of polymorph (15) {unknown}
 G - a wand of flame (5) {unknown}
 L - a wand of enslavement (4) {unknown}
 Q - a wand of magic darts (14) {unknown}
Scrolls
 a - 3 scrolls of immolation
 c - a scroll of fear {unknown}
 f - 4 scrolls of enchant weapon
 h - 8 scrolls of remove curse
 i - a scroll of teleportation
 m - 2 scrolls of recharging
 s - 2 scrolls of noise
 K - a scroll of fog {unknown}
 N - a scroll of amnesia {unknown}
Jewellery
 u - a ring of invisibility (left hand)
 M - a ring of flight (right hand)
Potions
 e - a potion of berserk rage
 n - a potion of cure mutation {!q}
 v - 3 potions of curing
 C - a potion of restore abilities
 I - a potion of lignification
 O - a potion of flight {unknown}
 R - a potion of cancellation {unknown}
Books
 b - a book of Callings

   Spells                             Type                      Level
   *Summon Small Mammal               Summoning                    1
   *Call Imp                          Summoning                    2
   *Call Canine Familiar              Summoning                    3
   *Summon Guardian Golem             Hexes/Summoning              4
   Summon Lightning Spire             Summoning/Air                4
   *Summon Ice Beast                  Ice/Summoning                4
 F - a book of Control

   Spells                             Type                      Level
   Control Teleport                   Charms/Translocation         4
   Control Undead                     Necromancy                   4
   Enslavement                        Hexes                        4
   Metabolic Englaciation             Hexes/Ice                    5
   Mass Confusion                     Hexes                        6
Magical staves
 y - an uncursed staff of power (weapon)
 z - an uncursed staff of summoning


   Skills:
 - Level 2.1 Dodging
 - Level 3.0 Stealth
 + Level 4.9 Spellcasting
 * Level 12.9 Summonings
 - Level 6.0 Ice Magic
 - Level 7.4 Evocations


You had 4 spell levels left.
You knew the following spells:

 Your Spells              Type           Power        Failure   Level  Hunger
a - Summon Small Mammal   Summ           ####         1%          1    None
d - Call Canine Familiar  Summ           ######..     1%          3    ###....
g - Summon Guardian Gole  Hex/Summ       ####....     10%         4    ####...
i - Summon Ice Beast      Ice/Summ       #####...     2%          4    ####...
s - Call Imp              Summ           ######..     1%          2    None


Dungeon Overview and Level Annotations

Branches:
Dungeon (10/15)            Temple (1/1) D:7             Orc (0/4) D:10
   Lair (1/8) D:10

Altars:
Ashenzari
Cheibriados
Dithmenos
Elyvilon
Fedhas
Gozag
Kikubaaqudgha
Makhleb
Nemelex Xobeh
Okawaru
Qazlal
Sif Muna
Trog
Vehumet
Xom
Yredelemnul
Zin
The Shining One

Shops:
D:8 =


Innate Abilities, Weirdness & Mutations

You can bottle blood from corpses.
You have razor-sharp teeth.
You have supernaturally acute eyesight.
You can survive without breathing.


Message History

You are very lightly contaminated with residual magic.
You enter the shallow water.
Moving in this stuff is going to be slow.
Your ice beast hits the frost giant.
Your ice beast freezes the frost giant.
The frost giant resists.
The frost giant hits your ice beast with a battleaxe of freezing!!
Your ice beast dies!
Read which item? (? for menu, Esc to quit)
Okay, then.
Drink which item? (? for menu, Esc to quit)
Okay, then.
Unknown command.
Read which item? (? for menu, Esc to quit)
As you read the scroll of teleportation, it crumbles to dust.
You feel strangely unstable.
Drink which item? (? for menu, Esc to quit)
You feel agile all of a sudden. The frost giant casts a spell at you.
The bolt of cold hits you! You resist.
You die...

#≈≈## ##.# ##..# #
#≈≈≈# ### ##.### #≈≈##
### #..##. #≈≈#
##.#### ##.##.. #≈##
#...#.## #..##.. #≈≈#
#≈#....####.###.⌠
#≈≈###≈##.#.#.#.####).
##≈≈#≈#####...#.###...
####≈≈@#
####....##..#.
##.##≈C##≈≈#
###..###.##
#.⌠.##≈≈#≈≈##
##..##..#
##.##≈≈≈≈≈≈≈##
######.#
#.###≈#≈≈≈≈≈≈# ##.
##.##.≈#≈#≈≈≈≈≈# #.
##.##.##≈≈≈#≈≈ ##
##.#..#≈≈≈≈≈#
#..##.##≈≈#≈#


You could see a frost giant.

Vanquished Creatures
  A feature mimic (D:9)
  Grinder (D:5)
  3 yaks (D:7)
  Edmund (D:5)
  Sigmund (D:3)
  A centaur (D:6)
  A big kobold (Sewer)
  A giant frog (D:10)
  A wyvern skeleton (D:6)
  An eye of draining (D:10)
  A crimson imp (D:4)
  A hound (D:4)
  2 orc wizards (D:4)
  3 iguanas
  A worker ant (D:5)
  2 big kobold zombies (Sewer)
  A worker ant zombie (D:8)
  6 gnolls
  2 green rats
  A shadow imp (Sewer)
  2 adders
  An inept feature mimic (D:5)
  2 giant mites
  4 ufetubi (Sewer)
  2 adder skeletons
  3 giant geckos
  4 oozes
  22 orcs
  18 bats
  A bat zombie (D:7)
  2 giant cockroaches
  19 hobgoblins
  5 jackals
  4 quokkas
  A giant gecko zombie (D:8)
  A giant mite zombie (Sewer)
  A giant newt (D:1)
  13 goblins
  21 kobolds
  13 rats
  A fungus (D:10)
172 creatures vanquished.

Vanquished Creatures (collateral kills)
  2 death yaks (IceCv)
  A kobold demonologist (Sewer)
  A troll (D:9)
  11 polar bears (IceCv)
  14 yaks
  A spriggan (D:7)
  3 orc warriors
  A water moccasin (Lair:1)
  13 wolves (IceCv)
  2 sky beasts
  2 yellow wasps
  A black bear (D:8)
  2 ogres (D:7)
  A phantom (D:9)
  An ice beast (D:7)
  A necrophage (D:9)
  A centaur (D:7)
  4 giant frogs
  A yak zombie (D:9)
  3 killer bees (D:8)
  A quasit (Sewer)
  2 jellies
  4 hounds
  5 orc priests
  3 crimson imps
  A gnoll shaman (D:7)
  A giant frog skeleton (D:10)
  2 iguanas
  3 worker ants
  8 orc wizards
  A big kobold zombie (Sewer)
  8 gnolls
  5 adders
  A green rat (D:5)
  2 shadow imps
  2 worms (D:5)
  A giant mite (Sewer)
  4 ufetubi (Sewer)
  An adder zombie (Sewer)
  An iguana zombie (D:8)
  An adder skeleton (D:9)
  2 giant geckos
  26 orcs
  A giant cockroach (D:7)
  A giant mite zombie (Sewer)
  A hobgoblin (D:5)
  A jackal (D:4)
  A ball python (D:5)
  3 bats
  2 giant newts
  A goblin (D:5)
  11 kobolds
  A kobold zombie (Sewer)
  A quokka (D:9)
  5 rats
  A rat zombie (D:5)
  A fungus (D:10)
182 creatures vanquished.

Vanquished Creatures (others)
  4 polar bears (IceCv)
  44 ice beasts (IceCv)
  2 yaks (IceCv)
  5 wargs (IceCv)
  12 wolves
  5 crimson imps
  9 hounds
  An iron imp (IceCv)
  6 white imps
  An ooze (Sewer)
  2 fungi (D:4)
91 creatures vanquished.

Grand Total: 445 creatures vanquished

Notes
Turn   | Place    | Note
--------------------------------------------------------------
     0 | D:1      | PolkaDot, the Vampire Summoner, began the quest for the Orb.
     0 | D:1      | Reached XP level 1. HP: 13/13 MP: 3/3
   274 | D:1      | Reached XP level 2. HP: 17/19 MP: 4/4
   282 | D:1      | Learned a level 2 spell: Call Imp
   687 | D:1      | Reached skill level 5 in Summonings
   687 | D:1      | Reached XP level 3. HP: 17/24 MP: 6/6
  1038 | D:2      | Found an iron altar of Okawaru.
  1122 | D:2      | Found a shattered altar of Ashenzari.
  1439 | D:2      | Learned a level 3 spell: Call Canine Familiar
  2248 | D:3      | Noticed Sigmund
  2309 | D:3      | Killed Sigmund
  2309 | D:3      | Reached skill level 6 in Summonings
  2309 | D:3      | Reached XP level 4. HP: 6/30 MP: 3/7
  2544 | D:4      | Reached XP level 5. HP: 26/35 MP: 1/9
  2747 | D:4      | Found a glowing golden altar of the Shining One.
  2930 | D:4      | Reached skill level 1 in Evocations
  3243 | D:4      | Reached skill level 7 in Summonings
  3396 | D:4      | Found a stormy altar of Qazlal.
  3455 | D:4      | Reached XP level 6. HP: 31/41 MP: 1/10
  3907 | D:4      | Found an ancient bone altar of Kikubaaqudgha.
  4233 | D:5      | Entered Level 5 of the Dungeon
  4441 | D:5      | Found a staircase to the Ecumenical Temple.
  4448 | D:5      | the staircase to the Ecumenical Temple was a mimic.
  4558 | D:5      | Noticed Grinder
  4563 | D:5      | Paralysed by Grinder for 7 turns
  4571 | D:5      | Killed Grinder
  4571 | D:5      | Reached skill level 8 in Summonings
  4571 | D:5      | Reached XP level 7. HP: 6/46 MP: 8/12
  4609 | D:5      | Noticed Edmund
  4694 | D:5      | Found a glowing drain.
  4721 | Sewer    | Entered a sewer
  4796 | Sewer    | Learned a level 4 spell: Summon Ice Beast
  5094 | Sewer    | Found a burning altar of Makhleb.
  5215 | Sewer    | Noticed an apprentice kobold demonologist
  5229 | Sewer    | Killed an apprentice kobold demonologist
  5229 | Sewer    | Reached skill level 9 in Summonings
  5704 | D:5      | Killed Edmund
  5704 | D:5      | Reached XP level 8. HP: 22/52 MP: 2/13
  6329 | D:5      | Noticed a moth of wrath
  6331 | D:5      | Found a bloodstained altar of Trog.
  6904 | D:6      | Found a white marble altar of Elyvilon.
  6952 | D:7      | Found a staircase to the Ecumenical Temple.
  6964 | Temple   | Entered the Ecumenical Temple
  7311 | D:7      | Reached skill level 10 in Summonings
  7567 | D:7      | Reached skill level 5 in Evocations
  7657 | D:7      | Reached XP level 9. HP: 28/57 MP: 0/17
  7946 | D:7      | Found a sparkling altar of Nemelex Xobeh.
  7947 | D:7      | Found an opulent altar of Gozag.
  8085 | D:7      | Reached skill level 5 in Ice Magic
  8376 | D:8      | Found Wudwoodai's Jewellery Shoppe.
  8597 | D:8      | Got a bloodstained mace
  8598 | D:8      | Identified the +4 mace of the Old World {crush, rF+} (You found it on level 8 of the Dungeon)
  8878 | D:8      | Found a burning altar of Makhleb.
  8879 | D:8      | Found a shimmering altar of Xom.
  9633 | D:7      | Found a deep blue altar of Sif Muna.
  9643 | D:7      | Became a worshipper of Sif Muna the Loreminder
  9775 | D:9      | Found a staircase to the Lair.
  9929 | D:9      | Found a white marble altar of Elyvilon.
 11059 | D:10     | Entered Level 10 of the Dungeon
 11234 | D:9      | the staircase to the Lair was a mimic.
 11247 | D:9      | Killed a staircase mimic
 11412 | D:10     | Found a staircase to the Lair.
 11513 | D:10     | Found a staircase to the Orcish Mines.
 11647 | D:10     | Reached skill level 11 in Summonings
 11978 | Lair:1   | Entered Level 1 of the Lair of Beasts
 12049 | Lair:1   | Found a frozen archway.
 12147 | IceCv    | Entered an ice cave
 12163 | IceCv    | Acquired Sif Muna's first power
 12163 | IceCv    | Reached XP level 10. HP: 50/63 MP: 5/20
 12511 | IceCv    | Acquired Sif Muna's second power
 12515 | IceCv    | Reached skill level 12 in Summonings
 12535 | IceCv    | Learned a level 4 spell: Summon Guardian Golem
 12546 | IceCv    | Noticed a death yak
 12553 | IceCv    | Noticed a death yak
 12578 | IceCv    | Killed a death yak
 12616 | IceCv    | Killed a death yak
 13177 | IceCv    | Noticed a frost giant
 13244 | IceCv    | Killed from afar by a frost giant

Action                   |  1- 3 |  4- 6 |  7- 9 | 10-12 || total
-------------------------+-------+-------+-------+-------++-------
Melee: Spear             |   168 |   305 |   219 |       ||   692
       Trident           |       |       |   148 |       ||   148
       Staff             |       |       |   290 |     6 ||   296
 Cast: Call Imp          |     5 |    11 |    39 |     8 ||    63
       Call Canine Famil |     2 |     9 |    41 |    20 ||    72
       Summon Ice Beast  |       |       |    48 |    63 ||   111
Invok: Channel Energy    |       |       |       |   165 ||   165
 Abil: End Transformatio |       |       |     1 |       ||     1
       Bat Form          |       |       |     1 |       ||     1
       Bottle Blood      |       |       |    34 |     5 ||    39
       Evoke Invisibilit |       |       |     1 |       ||     1
       Evoke Flight      |       |       |       |     1 ||     1
Evoke: Wand              |     3 |     2 |       |     1 ||     6
  Use: Potion            |     5 |     4 |    39 |    19 ||    67
       Scroll            |       |    10 |     8 |     3 ||    21
 Stab: Sleeping          |     8 |     7 |    11 |       ||    26
       Distracted        |       |     3 |    15 |       ||    18
       Invisible         |       |       |     1 |       ||     1
  Eat: Corpse            |    15 |    23 |    28 |     5 ||    71
